 Dungeon Crawl Stone Soup version 0.29-a0-892-g2c4c91d9db (webtiles) character file.

Game seed: 870661874267638090

245315 mcwallace the Unforgettable (level 19, -3/138 HPs)
             Began as a Ghoul Ice Elementalist on July 21, 2022.
             Was the Champion of Hepliaklqana.
             Slain by a rockslime (28 damage)
             ... on level 1 of the Pits of Slime on July 22, 2022.
             The game lasted 02:35:08 (40570 turns).

mcwallace the Unforgettable (GhIE)                 Turns: 40570, Time: 02:35:09

Health: -3/138     AC: 12    Str: 20      XL:     19   Next: 47%
Magic:  0/41       EV: 18    Int: 25      God:    Hepliaklqana [******]
Gold:   1425       SH:  0    Dex: 13 (15) Spells: 17/38 levels left

rFire   . . .      SeeInvis +   V - +5 arbalest of Hell's Wrath {elec, Drain rPois Dex+6 SInv, crossbow}
rCold   + + +      Faith    .   (shield currently unavailable)
rNeg    + + +      Spirit   +   o - +4 skin of Zhor {*Englaciate rC+++ SInv} rPois โˆž Reflect .
                                c - +1 helmet {Int+3}
rElec   .          Harm     .   O - +2 cloak
rCorr   +          Rampage  .   U - +2 pair of gloves {Stlth+}
Will    +....                   R - +0 pair of boots "Jisetih" {rF- rC+ MP+9 Slay+6}
Stlth   ++........              l - amulet of guardian spirit
HPRegen 0.00/turn               x - ring of the Princess {rF+ rC- rN+ Str+4}
MPRegen 0.27/turn               y - ring "Kimimots" {rCorr Str+2 Int+6}

@: confused, corroded, inhibited regen, studying Conjurations
A: reduced essence, claws 1, cold resistance 1, negative energy resistance 3,
inhibited regeneration, torment resistance 2, devour on kill
}: 2/15 runes: barnacled, gossamer
a: Renounce Religion, Recall Ancestor, Ancestor Identity, Transference, Idealise


You were on level 1 of the Pits of Slime.
You worshipped Hepliaklqana.
Hepliaklqana was exalted by your worship.
You visited 6 branches of the dungeon, and saw 32 of its levels.
You also visited: Gauntlet.

You collected 2666 gold pieces.
You spent 1241 gold pieces at shops.


Innate Abilities, Weirdness & Mutations

Your life essence is reduced to manifest your ancestor. (-10% HP)
You are immune to poison.
You have sharp fingernails.
Your flesh is cold resistant. (rC+)
You are immune to negative energy. (rN+++)
You do not regenerate when monsters are visible.
You are immune to unholy pain and torment.
You thrive by killing the living.


   Skills:
 - Level 10.0 Fighting
 + Level 11.4 Ranged Weapons
 - Level 5.0 Armour
 + Level 13.7 Dodging
 - Level 2.1 Stealth
 - Level 10.0 Spellcasting
 + Level 11.4 Conjurations
 + Level 12.1 Necromancy
 - Level 10.5 Ice Magic
 - Level 8.4 Poison Magic
 + Level 15.3 Invocations
 - Level 8.6 Evocations


You had 17 spell levels left.
You knew the following spells:

 Your Spells              Type           Power      Damage    Failure   Level
a - Freeze                Ice            100%       1d11      1%          1
b - Frozen Ramparts       Ice            100%       1d12      1%          3
c - Ozocubu's Armour      Ice            60%        N/A       1%          3
d - Olgreb's Toxic Radia  Pois           53%        N/A       1%          4
e - Blink                 Tloc           24%        N/A       8%          2
f - Corpse Rot            Necr/Pois/Air  47%        N/A       3%          4
g - Fulminant Prism       Conj/Hex       20%        3d13      4%          4

Your spell library contained the following spells:

 Spells                   Type           Power      Damage    Failure   Level
 Foxfire                  Conj/Fire      100%       2x1d9     1%          1
 Magic Dart               Conj           100%       1d8       1%          1
 Necrotise                Necr           100%       1d9       1%          1
 Sting                    Tmut/Pois      100%       1d8       1%          1
 Ensorcelled Hibernation  Hex/Ice        76%        N/A       1%          2
 Poisonous Vapours        Pois/Air       66%        N/A       1%          2
 Searing Ray              Conj           100%       2d8       1%          2
 Conjure Flame            Conj/Fire      41%        6-21      1%          3
 Mephitic Cloud           Conj/Pois/Air  45%        N/A       1%          3
 Animate Dead             Necr           65%        N/A       1%          4
 Hailstorm                Conj/Ice       61%        3d13      1%          4
 Apportation              Tloc           24%        N/A       4%          1
 Slow                     Hex            48%        N/A       4%          1
 Summon Small Mammal      Summ           48%        N/A       4%          1
 Ignite Poison            Fire/Tmut/Pois 26%        N/A       4%          3
 Iskenderun's Mystic Bla  Conj/Tloc      41%        2d9       4%          4
 Sticky Flame             Conj/Fire      41%        2d6       4%          4
 Death Channel            Necr           32%        N/A       4%          6
 Call Imp                 Summ           12%        N/A       8%          2
 Passwall                 Tmut/Erth      10%        N/A       8%          2
 Borgnjor's Vile Clutch   Necr/Erth      21%        N/A       11%         5
 Confusing Touch          Hex            12%        N/A       14%         3
 Swiftness                Air            12%        N/A       14%         3
 Tukima's Dance           Hex            12%        N/A       14%         3
 Alistair's Intoxication  Tmut/Pois      22%        N/A       24%         5
 Leda's Liquefaction      Hex/Erth       6%         N/A       43%         4
 Passage of Golubria      Tloc           12%        N/A       43%         4
 Lee's Rapid Deconstruct  Erth           6%         3d7*      80%         5
 Manifold Assault         Tloc           12%        N/A       80%         5
 Silence                  Hex/Air        6%         N/A       80%         5
 Yara's Violent Unravell  Hex/Tmut       6%         3d5       80%         5
 Infestation              Necr           32%        N/A       91%         8
 Haunt                    Necr/Summ      21%        N/A       98%         7
 Enfeeble                 Hex            6%         N/A       100%        7
 Lehudib's Crystal Spear  Conj/Erth      20%        10d6      100%        8
 Statue Form              Tmut/Erth      Unusable   N/A       N/A         6
 Storm Form               Tmut/Air       Unusable   N/A       N/A         7

Inventory:

Hand Weapons
 L - the +12 quarterstaff "Zucaq" {spect, rCorr Str+3, staff}
   (You found it on level 5 of the Lair of Beasts)

   When its wielder attacks, the weapon's spirit leaps out and strikes again.
   The spirit shares a part of any damage it takes with its wielder.
   Str:       It affects your strength (+3).
   rCorr:     It protects you from acid and corrosion.
 V - the +5 arbalest of Hell's Wrath (weapon) {elec, Drain rPois Dex+6 SInv, crossbow}
   (You found it on level 1 of the Lair of Beasts)

   Any ammunition fired from it occasionally discharges a powerful burst of
   electricity upon striking a foe.
   Dex:       It affects your dexterity (+6).
   rPois:     It protects you from poison.
   SInv:      It lets you see invisible.
   Drain:     It drains your maximum health when unequipped.
Missiles
 r - 4 atropa-tipped darts {throwing}
 W - 3 curare-tipped darts {=fthrowing}
Armour
 c - a +1 helmet of intelligence (worn)
   (You found it in a Gauntlet)
 o - the +4 skin of Zhor (worn) {*Englaciate rC+++ SInv}
   (You found it on level 2 of the Lair of Beasts)

   It radiates cold, occasionally slowing all nearby creatures who are not
   resistant to cold.
   rC:        It renders you almost immune to cold.
   SInv:      It lets you see invisible.
 z - a scarf of repulsion
   (You found it on level 5 of the Lair of Beasts)
 O - a +2 cloak (worn)
   (You found it on level 4 of the Dungeon)
 R - the +0 pair of boots "Jisetih" (worn) {rF- rC+ MP+9 Slay+6}
   (You bought it in a shop on level 2 of the Orcish Mines)

   Slay:      It affects your accuracy & damage with ranged weapons and melee
   (+6).
   rF:        It makes you vulnerable to fire.
   rC:        It protects you from cold.
   MP:        It affects your magic capacity (+9).
 U - a +2 pair of gloves of stealth (worn)
   (You found it in a Gauntlet)
Jewellery
 l - an amulet of guardian spirit (around neck)
   (You found it on level 7 of the Dungeon)
 x - the ring of the Princess (left hand) {rF+ rC- rN+ Str+4}
   (You found it on level 5 of the Lair of Beasts)

   [ring of protection from fire]

   Str:       It affects your strength (+4).
   rF:        It protects you from fire.
   rC:        It makes you vulnerable to cold.
   rN:        It protects you from negative energy.
 y - the ring "Kimimots" (right hand) {rCorr Str+2 Int+6}
   (You bought it in a shop on level 15 of the Dungeon)

   [ring of resist corrosion]

   Str:       It affects your strength (+2).
   Int:       It affects your intelligence (+6).
   rCorr:     It protects you from acid and corrosion.
 M - the ring of Vuwke {rF+ Will+ Str+4 Dex-4}
   (You found it in a Gauntlet)

   [ring of protection from fire]

   Str:       It affects your strength (+4).
   Dex:       It affects your dexterity (-4).
   rF:        It protects you from fire.
   Will:      It increases your willpower.
Wands
 b - a wand of quicksilver (17)
   (You found it on level 11 of the Dungeon)
 g - a wand of flame (4)
   (You found it on level 9 of the Dungeon)
 m - a wand of paralysis (22)
   (You found it on level 7 of the Dungeon)
 n - a wand of digging (11)
   (You found it on level 6 of the Dungeon)
 I - a wand of polymorph (14)
   (You found it on level 3 of the Lair of Beasts)
 Z - a wand of iceblast (14)
   (You found it on level 2 of the Lair of Beasts)
Scrolls
 a - 5 scrolls of enchant armour
 d - 5 scrolls of fear
 e - 5 scrolls of fog
 i - 3 scrolls of vulnerability {!r!r}
 p - 11 scrolls of teleportation {@r4}
 q - 2 scrolls of silence {!r}
 u - 5 scrolls of brand weapon
 v - 4 scrolls of blinking {!r}
 C - 5 scrolls of amnesia
 D - 7 scrolls of magic mapping {!r}
 G - a scroll of torment
 J - 2 scrolls of summoning
 N - 9 scrolls of enchant weapon
 P - 2 scrolls of poison
 X - 2 scrolls of immolation {!r!r}
Potions
 f - 15 potions of curing {@q1}
 h - 9 potions of ambrosia
 k - 3 potions of invisibility
 t - 6 potions of flight
 w - 4 potions of haste {@q3}
 E - 4 potions of might
 H - 3 potions of resistance
 K - 4 potions of attraction {!q}
 Q - a potion of cancellation
 S - a potion of magic
 Y - 10 potions of brilliance
Miscellaneous
 j - a phantom mirror
   (You found it on level 4 of the Shoals)
 s - a lightning rod (4/4)
   (You found it on level 12 of the Dungeon)
 A - a box of beasts
   (You found it on level 4 of the Shoals)
 B - a condenser vane
   (You found it in a Gauntlet)
 F - a phial of floods
   (You found it on level 14 of the Dungeon)

Dungeon Overview and Level Annotations

Branches:
Dungeon (15/15) Zot: 25940  Temple (0/1) D:7            Lair (5/5) D:11 Zot: 22671
 Shoals (4/4) Lair:2 Zot: 19126  Spider (4/4) Lair:3 Zot: 17684   Slime (2/5) Lair:4 Zot: 11717
    Orc (2/2) D:10 Zot: 9634     Elf (0/3) Orc:2        Vaults (0/5) D:14
 Depths (0/4) D:15        Gauntlet (visited)

Altars:
Dithmenos
Gozag
Hepliaklqana
Kikubaaqudgha
Makhleb
Qazlal
Sif Muna
Trog
Uskayaw
Xom
Jiyva

Shops:
D:1 :   D:9 [   D:13 [   D:15 ?*==!   Orc:2 :(?[   Shoals:1 ?

Annotations:
D:6 2 transporters
D:10 exclusion: ice statue
Shoals:2 6 transporters
Spider:4 2 transporters, Gauqatas's ghost, journeyman SpEn

## #### ###
#..#.#.######.##
........#..#...#
..............##
..#.ยง.>..ยงJJ@.#
...........RJ...#
.................#
................##
.......G.G.#....#
..........###G...#
......#.... #.#.##
...............##


You could see the friendly Kazuma the knight (fast, corroded, reflecting), 2
acid blobs, a rockslime (slow) and 3 golden eyes.


Message History

You resist with almost no effort. The golden eye blinks at you.
You are more confused.
The rockslime hits you!!
* * * LOW HITPOINT WARNING * * *
You are shoved backwards!
The golden eye blinks! ๐Ÿ˜ฑ HP[-17] MP[-5]
You take 17 damage, and now have 28/138 hp.
You lost 5 mp, and now have 6/41 mp.
You feel much better. The golden eye blinks at you.
You are more confused.
Kazuma hits the acid blob with a +0 broad axe of flaming!
Kazuma burns the acid blob.
Kazuma seems to be corroded for longer.
Kazuma is burned by acid!
The rockslime hits you!!
* * * LOW HITPOINT WARNING * * *
You are shoved backwards!
The golden eye blinks!
Kazuma hits the acid blob with a +0 broad axe of flaming!
Kazuma burns the acid blob.
Kazuma seems to be corroded for longer.
Kazuma is burned by acid! ๐Ÿ˜ฑ MP[-4]
You lost 4 mp, and now have 2/41 mp.
Your magical effects are unravelling.
You feel magically purged.
You are splashed with acid.
* * * LOW HITPOINT WARNING * * *
You feel less confused.
You are no longer corroded.
The golden eye is no longer moving slowly.
The rockslime hits you!!
* * * LOW HITPOINT WARNING * * *
You hold your ground!
The golden eye blinks at you.
You are confused.
Kazuma hits the acid blob with a +0 broad axe of flaming!!
Kazuma burns the acid blob.
Kazuma is burned by acid!
The golden eye blinks! ๐Ÿ˜ฑ HP[-23] MP[-1]
You take 23 damage, and now have 5/138 hp.
You lost 1 mp, and now have 1/41 mp.
You feel much better.
You radiate an aura of cold.
The rockslime resists.
The golden eye seems to slow down.
The golden eye resists.
The acid blob resists. x2
Kazuma is unaffected.
You are splashed with acid.
* * * LOW HITPOINT WARNING * * *
The rockslime misses you. The golden eye blinks at you.
You resist with almost no effort. ๐Ÿ˜ฑ HP[+18]
You regained 18 hp, and now have 23/138 hp.
Unknown command.
You feel much better.
You are splashed with acid.
* * * LOW HITPOINT WARNING * * *
The golden eye blinks!
The rockslime closely misses you. The acid blob spits acid at you.
The splash of acid hits you but does no damage.
You resist.
The rockslime hits you but does no damage. ๐Ÿ˜จ HP[+15]
You regained 15 hp, and now have 38/138 hp.
Okay, then.
You are too confused!
You are too confused!
You feel better.
You are splashed with acid.
* * * LOW HITPOINT WARNING * * *
Kazuma hits the acid blob with a +0 broad axe of flaming!
Kazuma burns the acid blob.
Kazuma is burned by acid!
The golden eye blinks at you.
You are confused.
The acid blob hits you!
* * * LOW HITPOINT WARNING * * *
You are splashed with acid.
You resist.
* * * LOW HITPOINT WARNING * * *
The rockslime hits you but does no damage.
The golden eye blinks! ๐Ÿ˜ฑ HP[-12] MP[-1]
You take 12 damage, and now have 26/138 hp.
You lost 1 mp, and now have 0/41 mp.
Okay, then.
You feel much better.
You radiate an aura of cold.
The rockslime seems to slow down.
The acid blob seems to slow down.
The acid blob resists.
Kazuma is unaffected.
The golden eye seems to slow down. x3; You are splashed with acid.
* * * LOW HITPOINT WARNING * * *
The acid blob hits you!!
* * * LOW HITPOINT WARNING * * *
The acid corrodes you!
You are splashed with acid.
You resist.
* * * LOW HITPOINT WARNING * * *
Kazuma hits the acid blob with a +0 broad axe of flaming.
Kazuma burns the acid blob.
Kazuma seems to be corroded for longer.
Kazuma is burned by acid!
Kazuma hits the rockslime but does no damage.
Kazuma hits the acid blob with a +0 broad axe of flaming.
Kazuma burns the acid blob.
Kazuma seems to be corroded for longer.
Kazuma is burned by acid!
The rockslime hits you!!
You die...

Skill      XL: |  1  2  3  4  5  6  7  8  9 10 11 12 13 14 15 16 17 18 19 |
---------------+----------------------------------------------------------+-----
Dodging        | 2 3 4 5 6 7 8 9 10 11 12 13 | 13.7
Spellcasting   | 2 3 4 5 6 7 8 9 10 | 10.0
Fighting       | 1 2 3 4 6 8 9 10 | 10.0
Ice Magic      | 5 6 7 8 9 10 | 10.5
Poison Magic   | 1 2 3 4 5 6 8 |  8.4
Armour         | 1 2 4 5 |  5.0
Invocations    | 1 3 4 6 7 9 10 11 12 13 14 15 | 15.3
Evocations     | 1 2 3 5 6 7 8 |  8.6
Ranged Weapons | 3 5 7 8 9 10 11 | 11.4
Necromancy     | 3 5 7 8 10 11 12 | 12.1
Conjurations   | 5 8 10 11 | 11.4
Stealth        | |  2.1

Action                   |  1- 3 |  4- 6 |  7- 9 | 10-12 | 13-15 | 16-18 | 19-21 || total
-------------------------+-------+-------+-------+-------+-------+-------+-------++-------
Melee: Club              |    71 |       |       |       |       |       |       ||    71
       Unarmed           |     6 |       |       |       |       |       |       ||     6
       Dagger            |    74 |       |       |       |       |       |       ||    74
       Mace              |    15 |       |       |       |       |       |       ||    15
       Halberd           |       |    60 |       |       |       |       |       ||    60
       Spear             |       |       |    40 |   398 |       |       |       ||   438
       Punch             |       |       |       |     4 |       |       |       ||     4
       Arbalest          |       |       |       |       |     1 |       |       ||     1
 Fire: Sling             |       |   114 |   308 |     4 |       |       |       ||   426
       Arbalest          |       |       |       |     4 |   628 |   843 |   145 ||  1620
Throw: Dart              |       |       |       |     6 |       |       |       ||     6
 Cast: Freeze            |    16 |     1 |    14 |     8 |       |       |       ||    39
       Frozen Ramparts   |     3 |     4 |    25 |    35 |    27 |    24 |     6 ||   124
       Ozocubu's Armour  |       |     1 |     4 |       |     1 |     4 |       ||    10
       Olgreb's Toxic Ra |       |       |       |    21 |    71 |    90 |    13 ||   195
       Blink             |       |       |       |       |     2 |     5 |     1 ||     8
       Corpse Rot        |       |       |       |       |       |     8 |       ||     8
       Fulminant Prism   |       |       |       |       |       |       |     2 ||     2
Invok: Ancestor Identity |       |     1 |       |       |       |       |       ||     1
       Ancestor Life: Kn |       |       |     1 |       |       |       |       ||     1
       Recall Ancestor   |       |       |       |     2 |     5 |     1 |     1 ||     9
       Idealise          |       |       |       |     1 |     8 |     5 |       ||    14
       Transference      |       |       |       |       |       |     1 |       ||     1
Evoke: Wand              |       |       |     6 |    12 |       |     2 |       ||    20
       Phial of floods   |       |       |       |       |       |     1 |       ||     1
       Condenser vane    |       |       |       |       |       |     1 |       ||     1
  Use: Scroll            |       |       |    12 |    13 |    11 |     6 |       ||    42
       Potion            |       |       |       |     4 |       |       |     6 ||    10
 Stab: Sleeping          |     2 |     3 |       |     6 |       |       |       ||    11
       Distracted        |       |       |     1 |     2 |       |       |       ||     3
       Paralysed         |       |       |       |    14 |       |       |       ||    14
Armor: Robe              |    48 |    17 |    53 |   107 |       |       |       ||   225
       Leather armour    |       |    15 |       |       |       |       |       ||    15
       Animal skin       |       |       |       |     1 |    76 |   142 |    19 ||   238
Dodge: Dodged            |   145 |    88 |   116 |   229 |   269 |   276 |    78 ||  1201
       Repelled          |       |       |       |       |       |     4 |       ||     4

Levels and vault maps discovered:
D:1:      dpeg_arrival_subterranean_lakeside_camping, layout_rooms,
          serial_shops, nicolae_shop_hallway_plus,
          ebering_ecumenical_altar_petrified, hex_large
D:2:      layout_loops_cross, uniq_natasha
D:3:      layout_basic, grunt_temple_overflow_open, kiku_gazebo_pond_becter,
          minmay_rat_hole
D:4:      layout_rooms, serial_rivers, chequers_serial_rivers_large_a,
          chequers_serial_rivers_micro_e, chequers_serial_rivers_micro_c,
          chequers_serial_rivers_room_a, chequers_serial_rivers_micro_a,
          chequers_serial_rivers_micro_d, nicolae_kite_square_tiling_tiny,
          minmay_ruined_shrine
D:5:      layout_loops_cross
D:6:      gammafunk_cloud_chamber, layout_basic,
          nicolae_dithmenos_shadow_blocks, minivault_11
D:7:      layout_basic, zin_treasury, minmay_temple_entry_glass,
          chequers_mini_garden
D:8:      layout_loops_cross
D:9:      layout_roguey [special_room_kobold], nicolae_sif_muna_little_library,
          serial_shops, shop, uniq_joseph, uniq_gastronok
D:10:     layout_cross, mainiacjoe_overflow_catwalk,
          minmay_orc_entry_temple_small, minivault_15, uniq_maggie
D:11:     layout_loops_ring, dpeg_oklobed_lair, makhleb_altar_promises_db
D:12:     layout_loops_ring
D:13:     layout_loops_ring, gauntlet_entry_generic,
          portal_ice_cave_entry_animals_and_master, serial_shops,
          kennysheep_mini_moat
D:14:     layout_rooms, grunt_vaults_entry_tiered,
          nicolae_qazlal_style_of_elements, uniq_snorg
D:15:     gammafunk_depths_entry_grave, layout_stronghold, serial_shops,
          shop_fountains, elyvilon_altar_4, minmay_shop_grid_forest,
          uniq_josephine
Lair:1:   layout_regular_city, serial_forest, infiniplex_forest_lined_room_2,
          infiniplex_forest_lined_2, infiniplex_forest_corner_1,
          infiniplex_forest_join, infiniplex_forest_clump_medium,
          infiniplex_forest_straight_1, infiniplex_forest_lined_corner,
          grunt_megastairs_1, serial_bayou_shore_b, infiniplex_staircase_pool_2
Lair:2:   layout_chaotic_city, minmay_shoals_entry_lonely_mermaid,
          dreamdust_deal_with_the_devil, hellmonk_guarded_unrand_zhor
Lair:3:   layout_chaotic_city, spider_nest_entry_a,
          grunt_forest_large_clearings, grunt_megastairs_2, serial_bayou_shore_b
Lair:4:   layout_layer_cave, nicolae_slime_entry_slimehenge,
          infiniplex_staircase_pool, grunt_megastairs_4
Lair:5:   minmay_lair_end_enchanted_forest, layout_loops_ring
Shoals:1: layout_shoals, serial_shops, shop, nicolae_shoals_drake_roost
Shoals:2: layout_shoals, serial_nicolae_subway, nicolae_sub_station_metal,
          nicolae_sub_station_crystal, nicolae_sub_station_stone,
          uniq_polyphemus, uniq_ilsuiw
Shoals:3: layout_shoals
Shoals:4: shoals_end_simple, layout_shoals, uniq_mara
Spider:1: layout_spider_delve, nicolae_spider_acid_house, uniq_azrael
Spider:2: layout_chambers, nicolae_orb_island
Spider:3: layout_spider_delve, drop_trap
Spider:4: guppyfry_spider_rune, gammafunk_ghost_mausoleum, uniq_kirke
Slime:1:  layout_caves
Slime:2:  layout_caves
Orc:1:    layout_caves, basic_altar
Orc:2:    st_orc_mages, layout_caves, basic_altar, elves_outpost_lemuel

Notes
Turn   | Place    | Note
-------+----------+-------------------------------------------
     0 | D:1      | mcwallace the Ghoul Ice Elementalist began the quest for
                  | the Orb.
     0 | D:1      | Reached XP level 1. HP: 14/14 MP: 2/2
     0 | D:1      | magus.rc [v1.9.6]
   374 | D:1      | Found a faded altar of an unknown god.
   519 | D:1      | Reached skill level 2 in Dodging
   519 | D:1      | Reached XP level 2. HP: 22/22 MP: 3/3
   543 | D:1      | Reached skill level 2 in Spellcasting
  1029 | D:1      | HP: 5/22 [jackal (2)]
  1034 | D:1      | Reached skill level 1 in Fighting
  1291 | D:1      | You add the spells Conjure Flame, Ignite Poison and Sticky
                  | Flame to your library.
  1320 | D:1      | Reached XP level 3. HP: 25/28 MP: 2/5
  1762 | D:1      | Found Raugiuts's Book Emporium.
  1850 | D:2      | Learned a level 3 spell: Frozen Ramparts
  2042 | D:2      | Reached XP level 4. HP: 27/35 MP: 1/6
  2427 | D:2      | Noticed Natasha
  2435 | D:2      | Killed Natasha
  2436 | D:2      | Reached skill level 5 in Ice Magic
  2436 | D:2      | Reached skill level 1 in Poison Magic
  2713 | D:2      | Reached skill level 2 in Fighting
  2741 | D:2      | Noticed Natasha
  2748 | D:2      | Reached XP level 5. HP: 30/41 MP: 3/7
  2748 | D:2      | Killed Natasha
  3009 | D:2      | You add the spells Blink and Manifold Assault to your
                  | library.
  3014 | D:2      | Learned a level 3 spell: Ozocubu's Armour
  3321 | D:2      | Noticed Natasha
  3326 | D:2      | Killed Natasha
  3438 | D:3      | Found an opulent altar of Gozag.
  3442 | D:3      | Found a hazy altar of Hepliaklqana.
  3451 | D:3      | Found a bloodstained altar of Trog.
  3451 | D:3      | Found a hide-covered altar of Uskayaw.
  3464 | D:3      | Became a worshipper of Hepliaklqana the Forgotten
  4255 | D:3      | You pick up a book of Minor Magic and begin reading...
  4255 | D:3      | You add the spells Magic Dart, Call Imp and Mephitic Cloud
                  | to your library.
  4357 | D:3      | Found an ancient bone altar of Kikubaaqudgha.
  4557 | D:3      | Reached skill level 3 in Dodging
  4557 | D:3      | Reached skill level 2 in Poison Magic
  4557 | D:3      | Reached XP level 6. HP: 30/50 MP: 2/9
  4761 | D:4      | Reached * piety under Hepliaklqana
  4846 | D:4      | Reached skill level 3 in Fighting
  4846 | D:4      | Reached skill level 3 in Spellcasting
  5001 | D:4      | Reached XP level 7. HP: 44/51 MP: 10/10
  5008 | D:4      | Reached skill level 1 in Armour
  5010 | D:4      | HP: 12/51 [gnoll/+0 club[a gnoll bouda] (2)]
  5429 | D:4      | Found a stormy altar of Qazlal.
  5659 | D:5      | Entered Level 5 of the Dungeon
  5817 | D:5      | Reached skill level 3 in Poison Magic
  5902 | D:5      | Reached skill level 6 in Ice Magic
  5995 | D:5      | Reached XP level 8. HP: 59/59 MP: 8/12
  5997 | D:5      | Reached skill level 4 in Fighting
  6133 | D:5      | Reached skill level 2 in Armour
  6281 | D:5      | Reached skill level 4 in Dodging
  6890 | D:6      | Reached skill level 4 in Spellcasting
  6964 | D:6      | Found a transporter.
  6995 | D:6      | Reached ** piety under Hepliaklqana
  7023 | D:6      | Found a shadowy altar of Dithmenos.
  7298 | D:6      | Reached skill level 1 in Invocations
  7533 | D:6      | Found a transporter.
  7595 | D:6      | Reached skill level 4 in Poison Magic
  7735 | D:7      | Found a staircase to the Ecumenical Temple.
  7880 | D:7      | Reached skill level 1 in Evocations
  7882 | D:7      | Reached XP level 9. HP: 48/65 MP: 9/14
  7885 | D:7      | Reached skill level 5 in Fighting
  7885 | D:7      | Reached skill level 3 in Armour
  8011 | D:7      | Reached skill level 2 in Invocations
  8454 | D:7      | You pick up a book of Conjurations {@e2} and begin
                  | reading...
  8454 | D:7      | You add the spells Searing Ray and Fulminant Prism to your
                  | library.
  8479 | D:7      | Reached skill level 7 in Ice Magic
  8893 | D:8      | Reached *** piety under Hepliaklqana
  8894 | D:8      | Remembered your ancestor Kazuma as a knight
  8979 | D:8      | Reached skill level 2 in Evocations
  9127 | D:8      | Identified the +4 spear "Xuhouch" {vamp, MP+9}
  9461 | D:8      | Reached skill level 5 in Dodging
  9461 | D:8      | Reached skill level 3 in Invocations
 10043 | D:9      | Noticed a kobold demonologist
 10056 | D:9      | Noticed a soul eater
 10060 | D:9      | Noticed a soul eater
 10061 | D:9      | Killed a kobold demonologist
 10062 | D:9      | Reached skill level 6 in Fighting
 10062 | D:9      | Reached skill level 4 in Armour
 10062 | D:9      | Reached skill level 5 in Poison Magic
 10062 | D:9      | Reached XP level 10. HP: 20/74 MP: 4/16
 10065 | D:9      | HP: 17/74 [kobold brigand/+0 short sword (2)]
 10067 | D:9      | Reached skill level 5 in Spellcasting
 10087 | D:9      | Reached skill level 3 in Evocations
 10302 | D:9      | Noticed Gastronok
 10304 | D:9      | Reached skill level 4 in Invocations
 10416 | D:9      | HP: 2/75 [Gastronok/the air (17)]
 10764 | D:9      | Killed Gastronok
 10765 | D:9      | Reached skill level 8 in Ice Magic
 10982 | D:9      | Found Tibilugo's Antique Armour Shoppe.
 11029 | D:9      | Noticed Joseph
 11040 | D:9      | Killed Joseph
 11350 | D:9      | Found a shimmering blue altar of Sif Muna.
 11357 | D:9      | Got Sif Muna's Secrets of Transposition
 11359 | D:9      | Got Sif Muna's Anthology of the Blaze
 11361 | D:9      | Got Sif Muna's Parchment of Hexing
 11566 | D:1      | Bought a Young Poisoner's Handbook for 240 gold pieces
 11566 | D:1      | You add the spells Sting, Poisonous Vapours and Olgreb's
                  | Toxic Radiance to your library.
 11571 | D:1      | Learned a level 4 spell: Olgreb's Toxic Radiance
 11756 | D:10     | Entered Level 10 of the Dungeon
 11771 | D:9      | Reached XP level 11. HP: 48/81 MP: 10/18
 11774 | D:9      | Reached skill level 7 in Fighting
 11774 | D:9      | Reached skill level 6 in Dodging
 11774 | D:9      | Reached skill level 4 in Evocations
 11877 | D:10     | Found the ring of the Mage {Wiz Archmagi}
 11984 | D:10     | Reached skill level 5 in Armour
 11984 | D:10     | Reached skill level 5 in Invocations
 11988 | D:10     | Noticed Maggie
 12000 | D:10     | Killed Maggie
 12227 | D:10     | Reached **** piety under Hepliaklqana
 12343 | D:10     | Reached skill level 6 in Poison Magic
 12728 | D:10     | Found a shimmering altar of Xom.
 12951 | D:10     | Found a staircase to the Orcish Mines.
 12961 | D:10     | Reached skill level 6 in Spellcasting
 12963 | D:10     | HP: 17/82 [orc priest/divine providence (11)]
 12963 | D:10     | HP: 3/82 [orc warrior/+0 halberd (14)]
 13001 | D:10     | magus.rc [v1.9.6]
 13379 | D:11     | Noticed a boulder beetle
 13383 | D:11     | Noticed a cyan ugly thing
 13408 | D:10     | HP: 18/82 [cyan ugly thing (9)]
 13411 | D:10     | HP: 8/82 [cyan ugly thing (1)]
 13411 | D:10     | HP: 2/82 [cyan ugly thing (6)]
 14089 | D:10     | Killed a cyan ugly thing
 14363 | D:11     | Noticed a two-headed ogre
 14374 | D:11     | Killed a two-headed ogre
 14466 | D:11     | Found a staircase to the Lair.
 14467 | D:11     | Killed a boulder beetle
 14468 | D:11     | Reached skill level 9 in Ice Magic
 14468 | D:11     | Reached skill level 6 in Invocations
 14567 | D:11     | Reached skill level 5 in Evocations
 14780 | D:11     | You add the spells Tukima's Dance, Passage of Golubria and
                  | Yara's Violent Unravelling to your library.
 14823 | D:11     | Reached skill level 8 in Fighting
 14877 | D:11     | Found a burning altar of Makhleb.
 14879 | D:11     | Noticed an Executioner
 14956 | D:11     | Noticed a five-headed hydra
 14966 | D:11     | Killed a five-headed hydra
 14967 | D:11     | Reached XP level 12. HP: 90/90 MP: 20/20
 15141 | Lair:1   | Entered Level 1 of the Lair of Beasts
 15148 | Lair:1   | Noticed a seven-headed hydra
 15718 | D:11     | HP: 22/90 [seven-headed hydra (7)]
 16103 | Lair:1   | Reached skill level 7 in Poison Magic
 16239 | Lair:1   | Reached skill level 7 in Dodging
 16665 | Lair:1   | Reached ***** piety under Hepliaklqana
 16680 | Lair:1   | Identified the +5 arbalest of Hell's Wrath {elec, Drain
                  | rPois Dex+6 SInv}
 17458 | Lair:2   | Reached skill level 7 in Invocations
 17699 | Lair:2   | Reached skill level 7 in Spellcasting
 17793 | Lair:2   | HP: 14/92 [komodo dragon (15)]
 18384 | Lair:2   | Reached skill level 9 in Fighting
 18384 | Lair:2   | Reached skill level 10 in Ice Magic
 18703 | Lair:2   | Reached skill level 8 in Poison Magic
 18706 | Lair:2   | Learned a level 2 spell: Blink
 18751 | Lair:2   | You pick up a book of Burglary and begin reading...
 18751 | Lair:2   | You add the spells Passwall, Ensorcelled Hibernation and
                  | Swiftness to your library.
 18931 | Lair:2   | Found the +4 skin of Zhor {*Englaciate rC+++ SInv}
 18985 | Lair:2   | Found a staircase to the Shoals.
 19165 | Lair:3   | Noticed a death yak
 19165 | Lair:3   | Noticed a death yak
 19165 | Lair:3   | Noticed a death yak
 19165 | Lair:3   | Noticed a death yak
 19165 | Lair:3   | Noticed a death yak
 19183 | Lair:3   | Reached XP level 13. HP: 94/99 MP: 20/23
 19243 | Lair:3   | Found a hole to the Spider Nest.
 19341 | Lair:3   | Reached skill level 8 in Dodging
 19346 | Lair:3   | Reached skill level 1 in Ranged Weapons
 19362 | Lair:3   | Reached skill level 8 in Invocations
 19569 | Lair:3   | You pick up a book of Death and begin reading...
 19569 | Lair:3   | You add the spells Animate Dead, Haunt and Infestation to
                  | your library.
 19588 | Lair:3   | Reached skill level 2 in Ranged Weapons
 19590 | Lair:3   | Reached skill level 1 in Necromancy
 20505 | Lair:4   | You pick up a book of Blasting and begin reading...
 20505 | Lair:4   | You add the spells Iskenderun's Mystic Blast and Lee's
                  | Rapid Deconstruction to your library.
 20653 | Lair:4   | Reached skill level 2 in Necromancy
 21060 | Lair:4   | Found a staircase to the Slime Pits.
 21066 | Lair:4   | Found a viscous altar of Jiyva.
 21298 | Lair:5   | Entered Level 5 of the Lair of Beasts
 21411 | Lair:5   | Reached skill level 10 in Fighting
 21547 | Lair:5   | Reached skill level 8 in Spellcasting
 21595 | Lair:5   | Reached skill level 3 in Ranged Weapons
 21640 | Lair:5   | Reached skill level 3 in Necromancy
 21653 | Lair:5   | Reached skill level 9 in Invocations
 21661 | Lair:5   | Reached skill level 6 in Evocations
 21661 | Lair:5   | Reached XP level 14. HP: 65/108 MP: 5/25
 21819 | Lair:5   | Identified the ring of the Princess {rF+ rC- rN+ Str+4}
 21943 | Lair:5   | Reached skill level 9 in Dodging
 21949 | Lair:5   | Reached skill level 4 in Ranged Weapons
 22103 | Lair:5   | Reached skill level 4 in Necromancy
 22566 | Lair:5   | Identified the +12 quarterstaff "Zucaq" {spect, rCorr
                  | Str+3}
 22574 | Lair:5   | You pick up a book of Party Tricks and begin reading...
 22904 | Orc:1    | Entered Level 1 of the Orcish Mines
 23058 | Orc:1    | Paralysed by an orc sorcerer for 2 turns
 23269 | Orc:2    | Entered Level 2 of the Orcish Mines
 23469 | Orc:2    | Noticed an orc warlord
 23851 | Orc:2    | Reached skill level 5 in Ranged Weapons
 23851 | Orc:2    | Reached skill level 10 in Invocations
 23851 | Orc:2    | Reached skill level 7 in Evocations
 23858 | Orc:2    | Reached skill level 5 in Necromancy
 24360 | Orc:2    | Reached skill level 9 in Spellcasting
 24439 | Orc:2    | Found a staircase to the Elven Halls.
 24607 | Orc:2    | Killed an orc warlord
 24683 | Orc:2    | Found Joicikump's Antique Armour Shoppe.
 24684 | Orc:2    | Found Tyeshroz's Antique Weapon Emporium.
 24685 | Orc:2    | Found Syjuafits's Book Emporium.
 24689 | Orc:2    | Found Luvesisi's Magic Scroll Shoppe.
 24693 | Orc:2    | Bought a scroll of identify for 24 gold pieces
 24693 | Orc:2    | Bought a scroll of identify for 24 gold pieces
 25115 | Orc:2    | Bought a pair of slimy boots for 294 gold pieces
 25115 | Orc:2    | Identified the +0 pair of boots "Jisetih" {rF- rC+ MP+9
                  | Slay+6} (You bought it in a shop on level 2 of the Orcish
                  | Mines)
 25330 | D:12     | Reached XP level 15. HP: 113/113 MP: 27/27
 26034 | D:13     | Found Fulynaf's Antique Armour Shop.
 26175 | D:13     | Found a gate leading to a gauntlet.
 26176 | D:13     | You pick up a book of Cantrips and begin reading...
 26176 | D:13     | You add the spells Necrotise and Summon Small Mammal to
                  | your library.
 26195 | Gauntlet | Entered a Gauntlet
 26195 | Gauntlet | Found a transporter.
 26195 | Gauntlet | Found a transporter.
 26196 | Gauntlet | Found a runed translucent door.
 26201 | Gauntlet | Found a transporter.
 26203 | Gauntlet | Found a transporter.
 26206 | Gauntlet | Found a transporter.
 26243 | Gauntlet | Found a transporter.
 26245 | Gauntlet | Found a transporter.
 26246 | Gauntlet | Found a transporter.
 26258 | Gauntlet | Found a transporter.
 26273 | Gauntlet | Found a transporter.
 26283 | Gauntlet | Found a transporter.
 26298 | Gauntlet | Found a transporter.
 26317 | Gauntlet | Found a transporter.
 26317 | Gauntlet | Found a transporter.
 26416 | Gauntlet | Reached skill level 6 in Necromancy
 26417 | Gauntlet | Reached skill level 6 in Ranged Weapons
 26495 | Gauntlet | Identified the ring of Vuwke {rF+ Will+ Str+4 Dex-4}
 26536 | Gauntlet | Reached skill level 10 in Dodging
 27019 | D:13     | You pick up a book of the Moon and begin reading...
 27019 | D:13     | You add the spells Silence and Lehudib's Crystal Spear to
                  | your library.
 27665 | D:14     | Reached skill level 8 in Evocations
 27837 | D:14     | Reached skill level 11 in Invocations
 27885 | D:14     | Found a gate to the Vaults.
 28072 | D:14     | Reached skill level 7 in Necromancy
 28341 | D:14     | Noticed Snorg
 28346 | D:14     | Killed Snorg
 28430 | D:14     | Reached skill level 7 in Ranged Weapons
 28436 | D:14     | Found a stormy altar of Qazlal.
 28487 | D:15     | Entered Level 15 of the Dungeon
 28573 | D:15     | Found Data's Magic Scroll Shop.
 28581 | D:15     | Bought a scroll of identify for 30 gold pieces
 28581 | D:15     | Bought a scroll of identify for 30 gold pieces
 28581 | D:15     | Bought a scroll of identify for 30 gold pieces
 28669 | D:15     | Reached XP level 16. HP: 120/120 MP: 28/28
 28724 | D:15     | Reached skill level 10 in Spellcasting
 28810 | D:15     | Found Riepp's General Store.
 28814 | D:15     | Found Mokey's Jewellery Shop.
 28814 | D:15     | Found Irielab's Jewellery Shop.
 28815 | D:15     | Found Dipnajum's Distillery.
 28886 | D:15     | Bought the ring "Kimimots" {rCorr Str+2 Int+6} for 569 gold
                  | pieces
 28988 | D:15     | Noticed Josephine
 28991 | D:15     | Killed Josephine
 28997 | D:15     | Reached skill level 1 in Conjurations
 29047 | D:15     | Reached skill level 2 in Conjurations
 29153 | D:15     | Found a staircase to the Depths.
 29557 | Spider:1 | Entered Level 1 of the Spider Nest
 29595 | Spider:1 | Reached skill level 8 in Necromancy
 29678 | Spider:1 | Noticed Azrael
 29679 | Spider:1 | Reached skill level 11 in Dodging
 29688 | Spider:1 | Killed Azrael
 29689 | Spider:1 | Reached skill level 3 in Conjurations
 29689 | Spider:1 | Reached skill level 12 in Invocations
 30677 | Spider:1 | Noticed an acid blob
 30684 | Spider:1 | Killed an acid blob
 30685 | Spider:1 | Reached skill level 8 in Ranged Weapons
 30945 | Spider:2 | Reached skill level 4 in Conjurations
 31467 | Spider:2 | Reached ****** piety under Hepliaklqana
 31746 | Spider:2 | Reached skill level 5 in Conjurations
 32623 | Spider:2 | Reached XP level 17. HP: 126/126 MP: 30/30
 32660 | Spider:3 | Reached skill level 9 in Necromancy
 32802 | Spider:3 | Reached skill level 6 in Conjurations
 32879 | Spider:3 | You pick up a book of Vapours and begin reading...
 32988 | Spider:3 | Reached skill level 13 in Invocations
 32993 | Spider:3 | Learned a level 4 spell: Corpse Rot
 33134 | Spider:3 | Reached skill level 9 in Ranged Weapons
 33786 | Spider:4 | Entered Level 4 of the Spider Nest
 33792 | Spider:4 | Reached skill level 7 in Conjurations
 33803 | Spider:4 | Reached skill level 12 in Dodging
 33939 | Spider:4 | Noticed Kirke
 33949 | Spider:4 | Killed Kirke
 34128 | Spider:4 | Reached skill level 10 in Necromancy
 34312 | Spider:4 | Reached skill level 8 in Conjurations
 34845 | Spider:4 | Found a transporter.
 34847 | Spider:4 | Noticed Gauqatas's ghost (journeyman SpEn)
 34880 | Spider:4 | Found a transporter.
 35133 | Spider:4 | Reached XP level 18. HP: 121/132 MP: 31/31
 35221 | Spider:4 | Reached skill level 10 in Ranged Weapons
 35233 | Spider:4 | Reached skill level 14 in Invocations
 35431 | Spider:4 | Found the +2 hat of the Bear Spirit {Spirit, *Rage Will++}
 35473 | Spider:4 | Got a gossamer rune of Zot
 35502 | Spider:4 | Upgraded the game from 0.29-a0-887-gcbe080d7e0 to
                  | 0.29-a0-892-g2c4c91d9db
 35502 | Spider:4 | magus.rc [v1.9.6]
 35650 | Shoals:1 | Entered Level 1 of the Shoals
 35674 | Shoals:1 | Identified the +9 short sword of the Unspeakable One {vamp,
                  | Will+}
 35696 | Shoals:1 | Reached skill level 9 in Conjurations
 36656 | Shoals:1 | Found Cimots's Magic Scroll Emporium.
 36797 | Shoals:2 | Noticed Polyphemus
 36797 | Shoals:2 | Found a transporter.
 37002 | Shoals:1 | Reached skill level 11 in Necromancy
 37112 | Shoals:1 | Killed Polyphemus
 37349 | Shoals:2 | Found a transporter.
 37353 | Shoals:2 | Found a transporter.
 37363 | Shoals:2 | Found a transporter.
 37365 | Shoals:2 | Found a transporter.
 37597 | Shoals:2 | Found a transporter.
 37604 | Shoals:2 | You pick up a book of Minor Magic and begin reading...
 37610 | Shoals:2 | You pick up a book of the Earth and begin reading...
 37892 | Shoals:2 | Noticed Ilsuiw
 37895 | Shoals:2 | Reached skill level 13 in Dodging
 37901 | Shoals:2 | Killed Ilsuiw
 38150 | Shoals:3 | Reached skill level 10 in Conjurations
 38773 | Shoals:4 | Entered Level 4 of the Shoals
 38773 | Shoals:4 | Noticed Mara
 38793 | Shoals:4 | Noticed mcwallace's illusion
 38793 | Shoals:4 | Killed Mara
 38883 | Shoals:4 | You pick up a book of Unlife and begin reading...
 38883 | Shoals:4 | You add the spells Borgnjor's Vile Clutch and Death Channel
                  | to your library.
 38967 | Shoals:4 | Reached XP level 19. HP: 138/138 MP: 32/32
 38973 | Shoals:4 | Reached skill level 11 in Ranged Weapons
 39127 | Shoals:4 | Got a barnacled rune of Zot
 39169 | Shoals:4 | Reached skill level 15 in Invocations
 39433 | Shoals:4 | Reached skill level 11 in Conjurations
 39697 | Shoals:4 | Reached skill level 12 in Necromancy
 39831 | Shoals:4 | You pick up a book of Misfortune and begin reading...
 39831 | Shoals:4 | You add the spells Confusing Touch and Enfeeble to your
                  | library.
 40168 | Slime:1  | Entered Level 1 of the Pits of Slime
 40301 | Lair:4   | Learned a level 4 spell: Fulminant Prism
 40564 | Slime:1  | HP: 28/138 [rockslime (26)]
 40566 | Slime:1  | HP: 5/138 [rockslime (20)]
 40570 | Slime:1  | Slain by a rockslime

Vanquished Creatures
  Mara (Shoals:4)
  2 emperor scorpions (Spider:4)
  2 ghost moths (Spider:4)
  A broodmother (Spider:4)
  4 entropy weavers
  3 merfolk javelineers (Shoals:4)
  Josephine (D:15)
  4 merfolk impalers
  A rakshasa (D:14)
  7 hydras
  A merfolk avatar (Shoals:1)
  4 boulder beetles
  An ogre mage (D:15)
  4 radroaches
  A vault guard (D:14)
  A hell beast (Gauntlet)
  5 centaur warriors
  4 two-headed ogres (D:15)
  3 merfolk aquamancers
  12 death yaks
  2 satyrs
  2 tengu warriors (D:14)
  2 sun moths (Spider:3)
  7 sea snakes
  4 pharaoh ants
  3 steelbarb worms
  13 orb spiders
  A necromancer (D:14)
  A harpy (shapeshifter) (D:14)
  6 wolf spiders
  6 harpies (Shoals:4)
  4 deep elf zephyrmancers
  A wizard (D:14)
  A shining eye (Slime:1)
  4 deep elf pyromancers
  3 ugly things
  A golden dragon skeleton (D:15)
  9 manticores
  5 orc sorcerers
  7 fauns
  4 cyclopes
  2 black mambas
  2 moths of wrath
  6 elephants
  4 gargoyles
  8 merfolk sirens
  Joseph (D:9)
  2 water nymphs (Shoals:3)
  7 cane toads
  An efreet (D:15)
  2 torpor snails
  Maggie (D:10)
  3 komodo dragons
  An unseen horror (D:11)
  7 rime drakes
  A kobold demonologist (D:9)
  3 demonic crawlers
  A tengu conjurer (D:14)
  3 trolls
  7 meliai
  20 merfolk
  31 tarantellas
  3 hornets (Lair:5)
  4 polar bears
  A blink frog (Lair:5)
  4 wind drakes
  11 slime creatures
  7 snapping turtles
  5 dream sheep
  23 jumping spiders
  13 culicivoras
  6 spriggans (Lair:5)
  3 wraiths
  A shadow (D:11)
  A vampire (D:12)
  2 wyverns
  A fire elemental (Spider:1)
  10 humans (D:14)
  5 basilisks
  6 water elementals
  3 hogs (Spider:4)
  2 golden eyes (Slime:1)
  33 redbacks
  A steam dragon (Shoals:1)
  17 yaks
  8 vampire mosquitoes
  A swamp worm (Gauntlet)
  A warg (Orc:1)
  6 acid dragons
  10 water moccasins
  3 hell hounds
  16 orc warriors
  2 ice beasts
  A black bear (Lair:5)
  35 wolves
  3 ogres
  3 boggarts (Lair:5)
  4 centaurs
  15 kobold brigands
  4 bullfrogs
  A necrophage (D:6)
  3 scorpions
  2 wights (D:8)
  8 killer bees (D:9)
  2 howler monkeys
  3 electric eels
  18 orc priests
  2 gnoll boudas
  3 jellies
  Natasha (thrice) (D:2)
  4 iguanas
  17 orc wizards
  16 gnolls
  6 adders
  A shadow imp (D:5)
  An ufetubus (D:7)
  2 worms
  A dart slug (D:3)
  33 orcs
  6 endoplasms
  7 giant cockroaches
  15 goblins
  7 hobgoblins
  6 jackals
  5 quokkas
  7 ball pythons
  7 bats
  A frilled lizard (D:1)
  37 kobolds
  24 rats
  3 tentacles
786 creatures vanquished.

Vanquished Creatures (collateral kills)
  3 acid blobs
  A kraken (Shoals:4)
  Polyphemus (Shoals:1)
  Gastronok (D:9)
  Kirke (Spider:4)
  Ilsuiw (Shoals:2)
  An orc warlord (Orc:2)
  5 emperor scorpions
  A ghost moth (Spider:4)
  2 broodmothers (Spider:4)
  A quicksilver ooze (Lair:4)
  2 entropy weavers (Spider:2)
  Azrael (Spider:1)
  A minotaur (Gauntlet)
  A blizzard demon (Gauntlet)
  A spark wasp (Spider:4)
  Snorg (D:14)
  3 merfolk impalers
  A great orb of eyes (Slime:2)
  A merfolk javelineer (Shoals:4)
  An ice dragon (D:13)
  3 boulder beetles
  2 hydras
  A merfolk avatar (Shoals:1)
  2 merfolk aquamancers
  A vault guard (D:14)
  An ogre mage (D:15)
  A catoblepas (Shoals:1)
  2 centaur warriors
  3 jorogumos
  6 two-headed ogres
  4 death yaks
  An orc high priest (Orc:1)
  A satyr (Shoals:2)
  A storm dragon zombie (D:15)
  2 sun moths (Spider:4)
  3 pharaoh ants
  A deep troll (shapeshifter) (D:15)
  2 skeletal warriors (D:15)
  7 orb spiders
  7 sea snakes
  A phantasmal warrior (D:15)
  4 steelbarb worms
  3 harpies (Shoals:4)
  3 wizards (D:14)
  A necromancer (D:15)
  2 shining eyes
  7 wolf spiders
  An orc knight (Orc:2)
  3 ugly things (D:14)
  2 deep elf pyromancers (Orc:2)
  An oklob plant (Spider:1)
  A moth of wrath (Spider:3)
  2 cyclopes
  A manticore (Shoals:4)
  3 orc sorcerers
  A stone giant zombie (D:15)
  4 merfolk sirens
  4 fauns
  3 elephants
  2 water nymphs (Shoals:4)
  2 torpor snails
  4 cane toads
  A gargoyle (D:13)
  4 rime drakes (Lair:2)
  2 demonic crawlers
  4 komodo dragons
  A minotaur zombie (Gauntlet)
  4 polar bears
  15 merfolk
  8 wind drakes
  2 meliai
  8 tarantellas
  2 blink frogs (Lair:5)
  2 hornets (Lair:5)
  8 slime creatures
  7 snapping turtles
  A dream sheep (Shoals:3)
  An ettin skeleton (D:15)
  8 jumping spiders
  2 vampires (D:12)
  7 spriggans (Lair:5)
  A wyvern (Lair:5)
  6 culicivoras
  4 wraiths
  2 hogs (Spider:4)
  3 water elementals
  7 yaks
  A golden eye (Slime:1)
  2 fire elementals (Spider:1)
  7 humans (D:14)
  10 redbacks
  3 basilisks
  2 steam dragons
  4 vampire mosquitoes
  A warg (Orc:1)
  A swamp worm (Gauntlet)
  4 acid dragons
  A hell hound (Spider:1)
  5 water moccasins
  A black bear (Lair:5)
  An ice beast (D:6)
  8 orc warriors
  A boggart (Lair:5)
  2 centaurs (D:14)
  2 ogres
  21 wolves
  A phantom (D:6)
  3 kobold brigands
  5 bullfrogs
  A necrophage (D:5)
  3 scorpions
  2 wights (D:8)
  2 killer bees (D:9)
  2 howler monkeys (D:10)
  2 jellies (Lair:4)
  3 gnoll boudas
  An orc priest (Orc:2)
  An iguana (D:7)
  9 orc wizards
  An adder (D:5)
  8 gnolls
  A shadow imp (D:7)
  15 orcs
  3 endoplasms (D:4)
  A giant cockroach (D:4)
  8 kobolds
  2 tentacles
398 creatures vanquished.

Vanquished Creatures (others)
  A tarantella (Spider:3)
  A merfolk (Shoals:4)
  2 humans (Spider:4)
  A fire elemental (Spider:1)
  22 knights
  5 ancestors
  2 gnolls (D:9)
  A quokka (D:3)
  2 fulminant prisms (Slime:1)
  34 fungi
  96 plants
  12 tentacles
  5 withered plants (D:15)
184 creatures vanquished.

Grand Total: 1368 creatures vanquished

Table legend:
 A = Non-vault XP
 B = Vault XP
 C = Vault XP percentage of total XP
 D = Non-vault monster count
 E = Vault monster count
 F = Vault count percentage of total count
                 A         B        C        D         E       F
            +---------+---------+-------+---------+---------+-------
      Total |  228374 |  127414 |  35.8 |     784 |     398 |  33.7
            +---------+---------+-------+---------+---------+-------
        D:1 |      41 |       9 |  18.0 |      24 |       6 |  20.0
        D:2 |     166 |      36 |  17.8 |      28 |       1 |   3.4
        D:3 |     122 |      20 |  14.1 |      12 |      19 |  61.3
        D:4 |     315 |     159 |  33.5 |      17 |      12 |  41.4
        D:5 |     609 |       0 |   0.0 |      17 |       0 |   0.0
        D:6 |     787 |       0 |   0.0 |      18 |       0 |   0.0
        D:7 |    1139 |       0 |   0.0 |      36 |       0 |   0.0
        D:8 |     627 |       0 |   0.0 |      16 |       0 |   0.0
        D:9 |    2253 |    3442 |  60.4 |      39 |      27 |  40.9
       D:10 |    3675 |     735 |  16.7 |      23 |       6 |  20.7
       D:11 |    5598 |       0 |   0.0 |      13 |       0 |   0.0
       D:12 |    4295 |       0 |   0.0 |      14 |       0 |   0.0
       D:13 |    7323 |    2496 |  25.4 |      22 |       8 |  26.7
       D:14 |   13999 |    9269 |  39.8 |      27 |      26 |  49.1
       D:15 |   13914 |    6686 |  32.5 |      23 |      13 |  36.1
     Lair:1 |    3112 |    1244 |  28.6 |      18 |       4 |  18.2
     Lair:2 |    6254 |    2436 |  28.0 |      22 |       6 |  21.4
     Lair:3 |    7886 |    4661 |  37.1 |      17 |      30 |  63.8
     Lair:4 |    2156 |     741 |  25.6 |       7 |       7 |  50.0
     Lair:5 |   12465 |    9370 |  42.9 |      30 |      48 |  61.5
   Shoals:1 |   11418 |    8083 |  41.4 |      26 |      15 |  36.6
   Shoals:2 |   11749 |    3679 |  23.8 |      24 |       6 |  20.0
   Shoals:3 |   13824 |       0 |   0.0 |      33 |       0 |   0.0
   Shoals:4 |   14717 |   25561 |  63.5 |      28 |      41 |  59.4
   Spider:1 |    6253 |    7533 |  54.6 |      17 |      19 |  52.8
   Spider:2 |   15334 |    3462 |  18.4 |      35 |       5 |  12.5
   Spider:3 |   28854 |       0 |   0.0 |      78 |       0 |   0.0
   Spider:4 |   24899 |   23988 |  49.1 |      58 |      41 |  41.4
    Slime:1 |    6197 |       0 |   0.0 |      12 |       0 |   0.0
    Slime:2 |    1440 |       0 |   0.0 |       2 |       0 |   0.0
      Orc:1 |    3913 |    2105 |  35.0 |      32 |       7 |  17.9
      Orc:2 |    3040 |    8060 |  72.6 |      16 |      44 |  73.3
   Gauntlet |       0 |    3639 | 100.0 |       0 |       7 | 100.0
            +---------+---------+-------+---------+---------+-------

Illustrated notes

Table legend:
 A = Kills in this place as a percentage of kills in entire the game.
 B = Kills by you in this place as a percentage of kills by you in the entire game.
 C = Kills by friends in this place as a percentage of kills by friends in the entire game.
 D = Other kills in this place as a percentage of other kills in the entire game.
 E = Experience gained in this place as a percentage of experience gained in the entire game.
 F = Experience gained in this place divided by the number of levels of this place that you have seen.
                   A       B       C       D       E      F
               +-------+-------+-------+-------+-------+----------------------
         Total | 100.0 | 100.0 | 100.0 | 100.0 | 100.0 | 10781.5
       Dungeon |  37.8 |  41.6 |  30.3 |  33.3 |  21.8 | 5181.0
          Lair |  16.0 |  14.6 |  18.9 |   0.0 |  14.1 | 10065.0
        Shoals |  14.6 |  13.2 |  17.4 |  33.3 |  25.0 | 22257.8
   Spider Nest |  21.4 |  21.2 |  21.7 |  33.3 |  31.0 | 27580.8
    Slime Pits |   1.2 |   0.6 |   2.3 |   0.0 |   2.1 | 3818.5
  Orcish Mines |   8.4 |   8.4 |   8.3 |   0.0 |   4.8 | 8559.0
      Gauntlet |   0.6 |   0.4 |   1.0 |   0.0 |   1.0 | 3639.0
               +-------+-------+-------+-------+-------+----------------------

Table legend: (Time is in decaauts)
 A = Elapsed time spent in this place.
 B = Non-inter-level travel time spent in this place.
 C = Inter-level travel time spent in this place.
 D = Time resting spent in this place.
 E = Time spent auto-exploring this place.
 F = Levels seen in this place.
 G = Mean time per level.
                   A        B        C        D        E       F      G
               +--------+--------+--------+--------+--------+-----+--------+
         Total |  42070 |  39755 |   2315 |   4504 |  27519 |  33 | 1274.8 |
       Dungeon |  20452 |  19097 |   1355 |   2310 |  13308 |  15 | 1363.5 |
          Lair |   7328 |   6925 |    403 |    622 |   5015 |   5 | 1465.6 |
        Shoals |   4873 |   4711 |    162 |    511 |   3243 |   4 | 1218.2 |
   Spider Nest |   6315 |   6017 |    298 |    492 |   4375 |   4 | 1578.8 |
    Slime Pits |    281 |    281 |      0 |      0 |    220 |   2 |  140.5 |
  Orcish Mines |   2365 |   2270 |     95 |    564 |   1112 |   2 | 1182.5 |
      Gauntlet |    454 |    454 |      0 |      5 |    245 |   1 |  454.0 |
               +--------+--------+--------+--------+--------+-----+--------+

Top non-repeatable levels by time:
    D:10: 2259 daAuts
     D:9: 1946 daAuts
     D:1: 1939 daAuts
Spider:4: 1870 daAuts
Spider:2: 1802 daAuts
  Lair:2: 1741 daAuts
Shoals:1: 1715 daAuts
     D:2: 1651 daAuts
  Lair:1: 1647 daAuts
  Lair:5: 1538 daAuts
   Orc:1: 1524 daAuts
    D:11: 1475 daAuts
Shoals:4: 1435 daAuts
Spider:1: 1403 daAuts
     D:3: 1352 daAuts
